 Dungeon Crawl Stone Soup version 0.29-a0-486-ga88943ba61 (webtiles) character file.

Game seed: 13604585765410552737

304655 Bruhh the Peltast (level 21, -7/218 HPs)
             Began as an Ogre Earth Elementalist on May 26, 2022.
             Was the Champion of Vehumet.
             Splashed by an acid blob's acid (11 damage)
             ... created by the Royal Jelly
             ... on level 5 of the Pits of Slime.
             The game lasted 01:21:52 (60592 turns).

Bruhh the Peltast (Ogre Earth Elementalist)        Turns: 60592, Time: 01:21:52

Health: -7/218     AC: -4    Str: 18    XL:     21   Next: 11%
Magic:  19/46      EV:  9    Int: 24    God:    Vehumet [******]
Gold:   2685       SH: 14    Dex: 15    Spells: 6/44 levels left

rFire   + + .      SeeInvis .   s - +11 dagger of Sulphur {freeze, MP+9 Stlth+}
rCold   + + +      Faith    +   q - +0 kite shield {rC+ rF+}
rNeg    . . .      Spirit   .   L - +0 robe of Pan-Flutes {Drain rElec rC+++ Archmagi}
rPois   +          Reflect  .   (helmet restricted)
rElec   +          Harm     .   t - +0 cloak
rCorr   .          Rampage  .   (gloves unavailable)
Will    ++...      Archmagi +   (boots unavailable)
Stlth   +++.......              M - amulet of faith
HPRegen 0.46/turn               p - ring "Hitueluq" {rPois rF+ rC+ Dex+6}
MPRegen 0.30/turn               X - ring of wizardry

@: brilliant, corroded, very slightly contaminated, unable to drink
A: large, unfitting armour, tough skin 1, wild magic 1, MP-powered wands
}: 2/15 runes: serpentine, barnacled
a: Renounce Religion


You were on level 5 of the Pits of Slime.
You worshipped Vehumet.
Vehumet was exalted by your worship.
You visited 7 branches of the dungeon, and saw 37 of its levels.
You also visited: Bailey and Ice Cave.

You collected 2937 gold pieces.
You spent 252 gold pieces at shops.

Inventory:

Hand Weapons
 s - the +11 dagger of Sulphur (weapon) {freeze, MP+9 Stlth+}
   (You found it on level 4 of the Lair of Beasts)

   It freezes those it strikes, dealing additional cold damage.
   It can also slow down cold-blooded creatures.
   MP:        It affects your magic capacity (+9).
   Stlth:     It makes you more stealthy.
Missiles
 a - 680 stones
 o - 6 throwing nets
 K - 2 curare-tipped darts
Armour
 q - a +0 kite shield of resistance (worn)
 t - a +0 cloak (worn)
 L - the +0 robe of Pan-Flutes (worn) {Drain rElec rC+++ Archmagi}
   (You found it on level 8 of the Dungeon)

   rC:        It renders you almost immune to cold.
   rElec:     It insulates you from electricity.
   Drain:     It drains your maximum health when unequipped.
   Archmagi:  It increases the power of your magical spells.
Jewellery
 b - a ring of see invisible
 k - a ring of willpower
 p - the ring "Hitueluq" (left hand) {rPois rF+ rC+ Dex+6}
   (You acquired it on level 4 of the Shoals)

   [ring of dexterity]

   Dex:       It affects your dexterity (+6).
   rF:        It protects you from fire.
   rC:        It protects you from cold.
   rPois:     It protects you from poison.
 M - an amulet of faith (around neck)
 X - a ring of wizardry (right hand)
 Y - a ring of resist corrosion
Wands
 d - a wand of acid (7)
 u - a wand of polymorph (10)
 C - a wand of mindburst (14)
 G - a wand of charming (13)
 J - a wand of iceblast (30)
 R - a wand of digging (8)
 T - a wand of flame (25)
Scrolls
 c - 2 scrolls of enchant weapon
 g - 6 scrolls of enchant armour
 h - 13 scrolls of identify
 i - 5 scrolls of fog
 j - 2 scrolls of torment
 n - a scroll of silence
 r - 3 scrolls of poison
 v - 5 scrolls of fear
 x - 7 scrolls of teleportation
 A - a scroll of magic mapping
 E - 3 scrolls of immolation
 N - 7 scrolls of amnesia
 P - a scroll of summoning
 W - a scroll of brand weapon
 Z - a scroll of blinking
Potions
 e - a potion of attraction
 f - 4 potions of invisibility
 l - 5 potions of mutation
 m - 6 potions of haste
 w - 3 potions of lignification
 B - 12 potions of curing
 D - 5 potions of flight
 F - 9 potions of might
 H - 6 potions of heal wounds
 I - 8 potions of degeneration
 O - 5 potions of berserk rage
 S - 2 potions of cancellation
 U - 2 potions of resistance
Miscellaneous
 y - a tin of tremorstones (2/2)
 Q - a lightning rod (4/4)


   Skills:
 - Level 15.0 Fighting
 - Level 1.7 Dodging
 - Level 1.4 Stealth
 - Level 18.0 Shields
 - Level 12.0 Spellcasting
 - Level 4.0 Conjurations
 - Level 0.8 Transmutations
 - Level 14.1 Fire Magic
 - Level 13.0 Ice Magic
 + Level 15.9 Earth Magic
 - Level 6.0 Poison Magic


You had 6 spell levels left.
You knew the following spells:

 Your Spells              Type           Power      Damage    Failure   Level
a - Sandblast             Erth           100%       2d20      1%          1
b - Stone Arrow           Conj/Erth      100%       3d13      1%          3
c - Olgreb's Toxic Radia  Pois           90%        N/A       1%          4
d - Lee's Rapid Deconstr  Erth           66%        3d31*     1%          5
e - Ozocubu's Refrigerat  Ice            61%        4d17      4%          7
f - Ignition              Fire           63%        3d17      16%         8
g - Irradiate             Conj/Tmut      33%        3d24      9%          5
h - Borgnjor's Vile Clut  Necr/Erth      50%        N/A       4%          5

Your spell library contained the following spells:

 Spells                   Type           Power      Damage    Failure   Level
 Shatter                  Erth           66%        3d49*     63%         9
 Chain Lightning          Conj/Air       31%        3d42      100%        9
 Fire Storm               Conj/Fire      53%        8d13      100%        9
 Magic Dart               Conj           100%       1d8       1%          1
 Sting                    Tmut/Pois      100%       1d8       1%          1
 Passwall                 Tmut/Erth      85%        N/A       1%          2
 Poisonous Vapours        Pois/Air       100%       N/A       1%          2
 Scorch                   Fire           100%       2d10      1%          2
 Static Discharge         Conj/Air       63%        N/A       1%          2
 Dazzling Flash           Conj/Hex       100%       N/A       1%          3
 Frozen Ramparts          Ice            100%       1d12      1%          3
 Inner Flame              Hex/Fire       96%        N/A       1%          3
 Mephitic Cloud           Conj/Pois/Air  73%        N/A       1%          3
 Flame Wave               Conj/Fire      100%       2d17      1%          4
 Petrify                  Tmut/Erth      100%       N/A       1%          4
 Sticky Flame             Conj/Fire      100%       2d11      1%          4
 Ice Form                 Ice/Tmut       96%        N/A       2%          4
 Summon Ice Beast         Ice/Summ       93%        N/A       2%          4
 Starburst                Conj/Fire      53%        6d14      3%          6
 Fulminant Prism          Conj/Hex       31%        3d16      4%          4
 Iskenderun's Mystic Bla  Conj/Tloc      63%        2d13      4%          4
 Call Imp                 Summ           42%        N/A       5%          2
 Gell's Gravitas          Tloc           42%        N/A       10%         3
 Summon Guardian Golem    Hex/Summ       42%        N/A       10%         3
 Teleport Other           Tloc           42%        N/A       10%         3
 Lightning Bolt           Conj/Air       31%        1d48      10%         5
 Corpse Rot               Necr/Pois/Air  63%        N/A       14%         4
 Animate Dead             Necr           42%        N/A       28%         4
 Cause Fear               Hex            21%        N/A       28%         4
 Dispel Undead            Necr           42%        3d17      28%         4
 Summon Lightning Spire   Summ/Air       42%        N/A       28%         4
 Agony                    Necr           42%        N/A       58%         5
 Silence                  Hex/Air        21%        N/A       58%         5
 Death Channel            Necr           21%        N/A       98%         6
 Dispersal                Tloc           21%        N/A       98%         6
 Summon Cactus Giant      Summ           21%        N/A       98%         6
 Orb of Destruction       Conj           39%        9d11      65%         7
 Spellforged Servitor     Conj/Summ      31%        N/A       87%         7
 Dragon Form              Tmut           26%        N/A       100%        7
 Discord                  Hex            21%        N/A       100%        8
 Maxwell's Capacitive Co  Air            21%        ∞         100%        8
 Dragon's Call            Summ           21%        N/A       100%        9


Dungeon Overview and Level Annotations

Branches:
Dungeon (15/15)            Temple (1/1) D:7            Lair (6/6) D:9
 Shoals (4/4) Lair:4        Snake (4/4) Lair:4        Slime (5/5) Lair:6
    Orc (2/2) D:10            Elf (0/3) Orc:2        Vaults (0/5) D:14
 Depths (0/4) D:15         Bailey (visited)           IceCv (visited)

Altars:
Cheibriados
Dithmenos
Gozag
Hepliaklqana
Kikubaaqudgha
Makhleb
Nemelex Xobeh
Okawaru
Qazlal
Ru
Sif Muna
Trog
Uskayaw
Vehumet
Wu Jian
Xom
Yredelemnul
Zin
The Shining One
Beogh
Jiyva

Shops:
D:9 ?   D:12 (   Orc:2 ![[(   Snake:4 (

Portals:
Trove: D:13 (give 2 scrolls of acquirement)

Annotations:
D:7 1 runed translucent door, leebro123's ghost, novice DsGl
Lair:5 3 runed translucent doors, niknal's ghost, journeyman FoFi
Shoals:2 1 runed translucent door, blade888's ghost, adept GnFE
Snake:1 3 runed translucent doors, Heedrag's ghost, adept MiFi
Slime:5 Royal Jelly


Innate Abilities, Weirdness & Mutations

You are too large for most types of armour.
You have tough skin. (AC +1)
Your spells are a little harder to cast, but a little more powerful.
You expend magic power (3 MP) to strengthen your wands.


Message History

The acid blob hits you. The acid corrodes you!
You are splashed with acid!
Unknown command.
Casting: Ozocubu's Refrigeration (dangerous; 4% risk of failure)
Confirm with . or Enter, or press ? or * to list all spells.
You feel a strong surge of power!
The heat is drained from your surroundings.
You feel very cold. The monsters around you are frozen!
The acid blob is severely wounded.
The rockslime is heavily wounded.
The Royal Jelly is almost dead.
The azure jelly resists.
The azure jelly is almost dead.
The azure jelly resists.
The azure jelly is severely wounded.
You kill the rockslime!
That felt strangely unrewarding.
The azure jelly resists.
The azure jelly is heavily wounded.
The Royal Jelly shudders alarmingly.
The Royal Jelly spits out five more jellies.
The Royal Jelly jiggles.
You block the azure jelly's attack. The azure jelly hits you!
The azure jelly freezes you. You resist. You block the azure jelly's attack.
The azure jelly hits you. x2; The azure jelly freezes you!
You resist. The azure jelly hits you. The azure jelly freezes you. You resist.
The azure jelly hits you! The azure jelly barely misses you.
The azure jelly jiggles.
The azure jelly hits you! The azure jelly freezes you! You resist.
* * * LOW HITPOINT WARNING * * *
The azure jelly hits you.
* * * LOW HITPOINT WARNING * * *
The azure jelly freezes you. You resist.
* * * LOW HITPOINT WARNING * * *
The azure jelly hits you!
* * * LOW HITPOINT WARNING * * *
The azure jelly hits you.
* * * LOW HITPOINT WARNING * * *
The acid blob hits you!!
* * * LOW HITPOINT WARNING * * *
You are splashed with acid!
You die...

##..................#
#...................# ##
##..................##..
.......................
#....................#
.....................#
##..............JJJJ#
#.............JJJJ.###
##............J@JJ...#
#...................#
#....................#
#.....................
###....................
#.........<............
#.....#................
#....####..............
##.### ##............


You could see the Royal Jelly, 3 acid blobs, 4 azure jellies, 2 rockslimes and a
quicksilver ooze.

Vanquished Creatures
  Vashnia (Snake:4)
  Jorgrun (D:15)
  Asterion (Snake:2)
  13 acid blobs
  3 krakens
  Agnes (Snake:4)
  5 azure jellies
  Ilsuiw (Shoals:4)
  5 rockslimes
  3 nagarajas
  An orc warlord (Orc:2)
  7 quicksilver oozes
  7 dire elephants
  Snorg (Lair:4)
  6 merfolk javelineers
  11 merfolk impalers
  5 great orbs of eyes
  Josephine (D:13)
  5 salamander tyrants
  9 hydras
  3 boulder beetles
  8 centaur warriors
  5 vault guards (D:14)
  9 anacondas
  4 alligator snapping turtles
  A two-headed ogre (Orc:2)
  2 catoblepae (D:14)
  An ogre mage (D:14)
  7 merfolk aquamancers (Shoals:4)
  2 merfolk avatars
  13 naga warriors
  2 satyrs (Shoals:4)
  12 death yaks
  2 tengu warriors
  6 shock serpents
  12 naga sharpshooters
  Urug (Lair:3)
  A spectral death yak (Lair:6)
  An orc high priest (Orc:2)
  4 salamander mystics
  Amaemon (Lair:2)
  4 skeletal warriors (D:14)
  A spectral anaconda (Lair:6)
  A glowing orange brain (Slime:5)
  A kraken simulacrum (Shoals:4)
  18 sea snakes
  An obsidian statue (Lair:6)
  7 naga ritualists
  3 necromancers (Lair:6)
  13 harpies
  A wolf spider (D:15)
  4 orc knights
  12 mana vipers
  A deep elf pyromancer (D:15)
  2 shining eyes
  6 ugly things
  18 manticores
  6 fauns
  2 orc sorcerers (Orc:2)
  24 salamanders
  9 merfolk sirens
  17 elephants
  8 cyclopes
  32 black mambas
  4 guardian serpents
  5 water nymphs
  An eye of devastation (Slime:2)
  2 apocalypse crabs (Shoals:1)
  A dire elephant zombie (Lair:6)
  22 naga magi
  An orange demon (Lair:2)
  21 cane toads
  2 torpor snails (Lair:5)
  5 gargoyles
  A dire elephant skeleton (Lair:6)
  A yaktaur (D:15)
  4 rime drakes
  2 unseen horrors
  7 komodo dragons
  4 tengu conjurers
  2 polar bears
  A troll (Orc:1)
  33 merfolk
  A wolf spider simulacrum (D:15)
  6 wind drakes
  8 blink frogs
  53 slime creatures
  A spectral elephant (Lair:6)
  Prince Ribbit (D:7)
  6 snapping turtles
  13 dream sheep
  4 water elementals
  2 vampires
  4 wraiths
  A human (D:8)
  29 yaks
  2 wyverns
  4 basilisks
  4 hogs (D:8)
  3 death yak simulacra (Lair:6)
  2 steam dragons
  5 vampire mosquitoes
  A redback simulacrum (D:15)
  3 spectral cane toads (Lair:6)
  46 nagas
  An acid dragon (D:13)
  5 wargs
  15 water moccasins
  30 orc warriors
  2 sky beasts
  An ice beast (D:7)
  2 black bears (D:4)
  6 ogres
  18 centaurs
  26 wolves
  A phantom (D:5)
  An elephant skeleton (Lair:6)
  3 kobold brigands
  2 gnoll sergeants
  4 scorpions
  14 bullfrogs
  2 cane toad simulacra (Lair:6)
  7 wights
  4 killer bees (D:7)
  8 vampire bats (Bailey)
  6 wolf zombies (Bailey)
  7 electric eels
  5 howler monkeys
  3 hounds
  A jelly (D:7)
  26 orc priests
  5 iguanas
  26 orc wizards
  5 gnolls (D:6)
  6 adders
  A white imp (D:6)
  A worm (D:3)
  A dart slug (D:1)
  66 orcs
  8 ball pythons
  6 endoplasms
  2 giant cockroaches
  11 goblins
  5 hobgoblins
  5 jackals
  2 quokkas
  4 bats
  19 kobolds
  21 orc zombies (Bailey)
  5 rats
  8 tentacles
1100 creatures vanquished.

Vanquished Creatures (collateral kills)
  An acid blob (Slime:5)
  An azure jelly (Slime:5)
  A great orb of eyes (Slime:5)
3 creatures vanquished.

Vanquished Creatures (others)
  6 bushes (Lair:2)
  75 fungi
  386 plants
  8 tentacles
  33 withered plants (Lair:6)
508 creatures vanquished.

Grand Total: 1611 creatures vanquished

Notes
Turn   | Place    | Note
-------+----------+-------------------------------------------
     0 | D:1      | Bruhh the Ogre Earth Elementalist began the quest for the
                  | Orb.
     0 | D:1      | Reached XP level 1. HP: 16/16 MP: 3/3
   259 | D:1      | Reached XP level 2. HP: 19/24 MP: 5/5
   462 | D:1      | Found a faded altar of an unknown god.
   898 | D:1      | Reached XP level 3. HP: 29/31 MP: 2/7
  2411 | D:3      | Reached XP level 4. HP: 38/39 MP: 9/9
  2475 | D:3      | Found a hazy altar of Hepliaklqana.
  3145 | D:4      | Reached XP level 5. HP: 45/45 MP: 11/11
  3421 | D:4      | Noticed a black bear
  3690 | D:4      | Reached skill level 5 in Spellcasting
  3690 | D:4      | Reached XP level 6. HP: 31/53 MP: 2/13
  3694 | D:4      | Learned a level 3 spell: Stone Arrow
  4215 | D:4      | Killed a black bear
  4216 | D:4      | Reached skill level 1 in Conjurations
  4216 | D:4      | Reached skill level 5 in Earth Magic
  4337 | D:4      | Reached XP level 7. HP: 59/59 MP: 7/14
  5534 | D:5      | Entered Level 5 of the Dungeon
  5666 | D:5      | Reached XP level 8. HP: 67/67 MP: 10/18
  5772 | D:5      | Reached skill level 1 in Poison Magic
  7561 | D:7      | Noticed Prince Ribbit
  7569 | D:6      | Learned a level 4 spell: Olgreb's Toxic Radiance
  7574 | D:7      | Reached skill level 5 in Poison Magic
  7574 | D:7      | Reached XP level 9. HP: 42/74 MP: 8/21
  7576 | D:7      | Gained mutation: You are clumsy. (Dex -2) [potion of
                  | mutation]
  7576 | D:7      | Gained mutation: You possess an exceptional clarity of
                  | mind. [potion of mutation]
  7579 | D:7      | HP: 2/74 [poisoned by a killer bee]
  7580 | D:7      | Killed Prince Ribbit
  8112 | D:7      | Found a staircase to the Ecumenical Temple.
  8137 | Temple   | Entered the Ecumenical Temple
  8172 | Temple   | Became a worshipper of Vehumet
  8281 | D:7      | Found a runed translucent door.
  8283 | D:7      | Noticed leebro123's ghost (novice DsGl)
  8929 | D:7      | Noticed a seven-headed hydra
  8930 | D:7      | Noticed a cyclops
  8931 | D:7      | Noticed a manticore
  9005 | D:6      | Learned a level 5 spell: Lee's Rapid Deconstruction
  9927 | D:8      | Reached skill level 1 in Ice Magic
  9930 | D:8      | Reached XP level 10. HP: 32/81 MP: 12/22
 10230 | D:8      | Identified the +0 robe of Pan-Flutes {Drain rElec rC+++
                  | Archmagi}
 10983 | D:9      | Reached * piety under Vehumet
 10983 | D:9      | Offered knowledge of Foxfire by Vehumet.
 11055 | D:9      | Found a staircase to the Lair.
 11074 | D:9      | Found Vech's Magic Scroll Shop.
 11077 | D:9      | Bought a scroll of teleportation for 36 gold pieces
 11077 | D:9      | Bought a scroll of teleportation for 36 gold pieces
 11664 | D:10     | Entered Level 10 of the Dungeon
 11675 | D:10     | Reached skill level 5 in Ice Magic
 11778 | D:10     | Found a flagged portal.
 11793 | Bailey   | Entered a bailey
 12132 | Bailey   | Noticed a gargoyle
 12134 | Bailey   | Killed a gargoyle
 12995 | Bailey   | Reached ** piety under Vehumet
 13063 | Bailey   | Offered knowledge of Shock by Vehumet.
 13245 | D:10     | Noticed a gargoyle
 13247 | D:10     | Killed a gargoyle
 13625 | D:10     | Found a staircase to the Orcish Mines.
 13895 | D:10     | Reached XP level 11. HP: 77/88 MP: 20/23
 13962 | D:10     | Identified the +0 chain mail of Teoxtoi {Harm Will+ Dex+2}
 14453 | D:11     | Noticed a cyclops
 14454 | D:11     | Killed a cyclops
 14618 | D:11     | Noticed a cyclops
 14623 | D:11     | Killed a cyclops
 14675 | D:11     | Found a frozen archway.
 14689 | D:11     | Offered knowledge of Inner Flame by Vehumet.
 14690 | D:11     | Reached skill level 10 in Ice Magic
 14751 | IceCv    | Entered an ice cave
 15085 | IceCv    | Noticed a death yak
 15097 | IceCv    | Killed a death yak
 15097 | IceCv    | Noticed a death yak
 15107 | IceCv    | Noticed a death yak
 15120 | D:11     | Killed a death yak
 15462 | Lair:1   | Entered Level 1 of the Lair of Beasts
 15828 | Lair:1   | Found the ring of Shadows {Umbra +Inv Stlth+}
 16068 | Lair:1   | Reached *** piety under Vehumet
 16360 | Lair:1   | Learned a level 7 spell: Ozocubu's Refrigeration
 16805 | Lair:1   | Reached XP level 12. HP: 78/96 MP: 15/24
 17149 | Lair:2   | Noticed Amaemon
 17154 | Lair:2   | Killed Amaemon
 17441 | Lair:2   | Reached skill level 1 in Fighting
 17548 | Lair:2   | Offered knowledge of Conjure Flame by Vehumet.
 17903 | Lair:2   | Noticed a five-headed hydra
 17913 | Lair:2   | Killed a five-headed hydra
 17914 | Lair:2   | Reached skill level 5 in Fighting
 18626 | Lair:3   | Reached **** piety under Vehumet
 18832 | Lair:3   | Noticed Urug
 18842 | Lair:3   | Killed Urug
 19522 | Lair:4   | Found a staircase to the Snake Pit.
 19528 | Lair:4   | Reached skill level 10 in Fighting
 19528 | Lair:4   | Reached skill level 1 in Fire Magic
 19540 | Lair:3   | Offered knowledge of Hailstorm by Vehumet.
 19838 | Lair:4   | Noticed Snorg
 19841 | Lair:4   | Killed Snorg
 19860 | Lair:4   | Reached XP level 13. HP: 133/133 MP: 6/25
 20110 | Lair:4   | Reached XP level 14. HP: 143/143 MP: 17/26
 20704 | Lair:4   | Identified the +11 dagger of Sulphur {freeze, MP+9 Stlth+}
 21176 | Lair:4   | Found a staircase to the Shoals.
 21927 | Lair:5   | Reached skill level 10 in Fire Magic
 22086 | Lair:5   | Found a runed translucent gate.
 22086 | Lair:5   | Found a runed translucent gate.
 22086 | Lair:5   | Found a runed translucent gate.
 22086 | Lair:5   | Found a viscous altar of Jiyva.
 22086 | Lair:5   | Noticed an azure jelly
 22086 | Lair:5   | Noticed an azure jelly
 22086 | Lair:5   | Noticed an acid blob
 22086 | Lair:5   | Noticed an acid blob
 22086 | Lair:5   | Noticed an azure jelly
 22086 | Lair:5   | Noticed an azure jelly
 22086 | Lair:5   | Noticed niknal's ghost (journeyman FoFi)
 22086 | Lair:5   | Noticed an acid blob
 22086 | Lair:5   | Noticed an acid blob
 22086 | Lair:5   | Noticed a rockslime
 22086 | Lair:5   | Noticed a quicksilver ooze
 22086 | Lair:5   | Noticed an azure jelly
 22086 | Lair:5   | Noticed an azure jelly
 22086 | Lair:5   | Noticed an acid blob
 22087 | Lair:5   | Noticed an azure jelly
 22098 | Lair:5   | Reached ***** piety under Vehumet
 22098 | Lair:5   | Offered knowledge of Conjure Ball Lightning by Vehumet.
 22703 | Lair:5   | Identified the +8 scimitar of Jowu Rurgh {drain, rElec rC-
                  | Will- Str+9}
 23880 | Lair:6   | Entered Level 6 of the Lair of Beasts
 23880 | Lair:6   | Found a runed translucent door.
 23880 | Lair:6   | Found a viscous altar of Jiyva.
 23889 | Lair:6   | Found a staircase to the Slime Pits.
 24377 | Lair:6   | Noticed a dire elephant
 24377 | Lair:6   | Noticed a dire elephant
 24377 | Lair:6   | Noticed a dire elephant
 24400 | Lair:6   | Killed a dire elephant
 24810 | Lair:6   | Learned a level 8 spell: Ignition
 25111 | Lair:6   | Noticed a dire elephant
 25117 | Lair:6   | Killed a dire elephant
 25118 | Lair:6   | Reached skill level 1 in Shields
 25426 | Lair:6   | Reached skill level 2 in Shields
 25652 | Lair:6   | Reached skill level 4 in Shields
 25652 | Lair:6   | Reached XP level 15. HP: 138/149 MP: 26/27
 25653 | Lair:6   | Reached skill level 5 in Shields
 25818 | Lair:6   | Reached skill level 6 in Shields
 26470 | Lair:6   | Reached skill level 7 in Shields
 26741 | Lair:6   | Got the Tome of the Entourage and the Oath
 26780 | Lair:6   | Reached skill level 8 in Shields
 27260 | Lair:6   | Offered knowledge of Iskenderun's Battlesphere by Vehumet.
 27738 | Orc:1    | Entered Level 1 of the Orcish Mines
 28330 | Orc:2    | Entered Level 2 of the Orcish Mines
 28332 | Orc:2    | Found a staircase to the Elven Halls.
 28497 | Orc:2    | Reached skill level 9 in Shields
 28847 | Orc:2    | Noticed an orc warlord
 28855 | Orc:2    | Killed an orc warlord
 28855 | Orc:2    | Offered knowledge of Freezing Cloud by Vehumet.
 29643 | Orc:2    | Found Upodwide's Distillery.
 29748 | Orc:2    | Found Naquilun's Antique Weapon Emporium.
 29786 | Orc:2    | Found Zeem's Antique Armour Shoppe.
 29801 | Orc:2    | Bought a runed kite shield for 180 gold pieces
 30139 | Orc:2    | Found Lioxuism's Armour Shop.
 30681 | Shoals:1 | Entered Level 1 of the Shoals
 31089 | Shoals:1 | Noticed a kraken
 31096 | Shoals:1 | Killed a kraken
 31211 | Shoals:1 | Reached skill level 10 in Shields
 31814 | Shoals:1 | Reached XP level 16. HP: 147/158 MP: 26/28
 31955 | Shoals:1 | Noticed a kraken
 32021 | Shoals:1 | Killed a kraken
 32565 | Shoals:2 | Reached skill level 11 in Shields
 32981 | Shoals:2 | Offered knowledge of Fireball by Vehumet.
 33252 | Shoals:2 | Reached skill level 10 in Spellcasting
 33930 | Shoals:2 | Found a runed translucent door.
 33987 | Shoals:2 | Found a shimmering altar of Xom.
 33987 | Shoals:2 | Noticed blade888's ghost (adept GnFE)
 34095 | Shoals:2 | Reached skill level 12 in Shields
 34439 | Shoals:3 | Reached ****** piety under Vehumet
 36092 | Shoals:4 | Entered Level 4 of the Shoals
 36236 | Shoals:4 | Reached skill level 13 in Shields
 36587 | Shoals:4 | Offered knowledge of Irradiate by Vehumet.
 36732 | Shoals:4 | Reached XP level 17. HP: 126/166 MP: 0/33
 36768 | Shoals:4 | Learned a level 5 spell: Irradiate
 36770 | Shoals:4 | Identified a scroll of acquirement
 36779 | Shoals:4 | Acquired the ring "Hitueluq" {rPois rF+ rC+ Dex+6}
 36955 | Shoals:4 | Noticed a kraken
 36958 | Shoals:4 | Killed a kraken
 37007 | Shoals:4 | Noticed Ilsuiw
 37014 | Shoals:4 | Reached skill level 14 in Shields
 37015 | Shoals:4 | Killed Ilsuiw
 39100 | Shoals:4 | Reached skill level 15 in Shields
 39799 | Shoals:4 | Offered knowledge of Starburst by Vehumet.
 39886 | Shoals:4 | Got a barnacled rune of Zot
 41643 | D:12     | Found Puoz's Antique Weapon Shoppe.
 41930 | D:13     | Found a portal to a secret trove of treasure.
 42055 | D:13     | Found a hide-covered altar of Uskayaw.
 42153 | D:13     | Noticed Josephine
 42156 | D:13     | Killed Josephine
 43303 | D:14     | Offered knowledge of Lehudib's Crystal Spear by Vehumet.
 44901 | D:14     | Found a gate to the Vaults.
 44987 | D:15     | Entered Level 15 of the Dungeon
 45102 | D:15     | Reached XP level 18. HP: 159/188 MP: 30/34
 45247 | D:15     | Noticed Jorgrun
 45261 | D:15     | Killed Jorgrun
 45262 | D:15     | Reached skill level 16 in Shields
 45483 | D:15     | Found a staircase to the Depths.
 47110 | Snake:1  | Entered Level 1 of the Snake Pit
 47143 | Snake:1  | Reached skill level 15 in Fighting
 47720 | Snake:1  | Found a runed translucent gate.
 47720 | Snake:1  | Found a runed translucent gate.
 47721 | Snake:1  | Found a runed translucent gate.
 47724 | Snake:1  | Noticed Heedrag's ghost (adept MiFi)
 48562 | Snake:2  | Learned a level 5 spell: Borgnjor's Vile Clutch
 48629 | Snake:2  | Noticed Asterion
 49347 | Snake:2  | Reached skill level 17 in Shields
 50444 | Snake:2  | Killed Asterion
 50769 | Snake:3  | Offered knowledge of Fire Storm by Vehumet.
 50769 | Snake:3  | Offered knowledge of Shatter by Vehumet.
 50769 | Snake:3  | Offered knowledge of Chain Lightning by Vehumet.
 51164 | Snake:3  | Reached skill level 18 in Shields
 52238 | Snake:3  | Found a runed translucent door.
 52730 | Snake:3  | Reached skill level 10 in Earth Magic
 52874 | Snake:3  | Reached XP level 19. HP: 201/201 MP: 17/35
 53048 | Snake:4  | Entered Level 4 of the Snake Pit
 53454 | Snake:4  | Noticed Vashnia
 53461 | Snake:4  | Killed Vashnia
 53915 | Snake:4  | Noticed Agnes
 53921 | Snake:4  | Killed Agnes
 54625 | Snake:4  | Found Xyshus's Weapon Emporium.
 55849 | Snake:4  | Got a serpentine rune of Zot
 56257 | Slime:1  | Entered Level 1 of the Pits of Slime
 57060 | Slime:2  | Lost mutation: You possess an exceptional clarity of mind.
                  | [potion of mutation]
 57060 | Slime:2  | Lost mutation: You are clumsy. (Dex -2) [potion of
                  | mutation]
 57060 | Slime:2  | Gained mutation: You expend magic power (3 MP) to
                  | strengthen your wands. [potion of mutation]
 57060 | Slime:2  | Gained mutation: Your spells are a little harder to cast,
                  | but a little more powerful. [potion of mutation]
 57130 | Slime:2  | You fall into a shaft and drop 1 floor!
 57855 | Slime:3  | Reached XP level 20. HP: 210/210 MP: 36/36
 59102 | Slime:4  | Reached skill level 15 in Earth Magic
 59591 | Slime:5  | Entered Level 5 of the Pits of Slime
 59771 | Slime:5  | Reached XP level 21. HP: 133/218 MP: 11/37
 59796 | Slime:5  | Noticed the Royal Jelly
 60592 | Slime:5  | HP: 4/218 [acid blob[the Royal Jelly] (34)]
 60592 | Slime:5  | Splashed by an acid blob's acid

Illustrated notes

Levels and vault maps discovered:
D:1:      sevenhm_arrival_forest_fort_small_3, layout_basic,
          shapermc_ecumenical_altar_venn
D:2:      layout_basic
D:3:      minmay_door_path, layout_loops_ring, nicolae_hepliaklqana_hazy_memory
D:4:      layout_basic, serial_bayou_ford_a, minmay_divided_ellipse
D:5:      layout_gridville
D:6:      layout_basic
D:7:      minmay_blocky_corners, layout_cave_pods, minmay_temple_entry_slanted,
          ebering_ghost_reflecting_pool, uniq_prince_ribbit1
D:8:      layout_gridville, kennysheep_decorative_pillar, grunt_livestock
D:9:      layout_layer_cave, dpeg_oklobed_lair, serial_shops,
          nicolae_shop_behind_doors
D:10:     layout_big_octagon, orc_0_dummy, enter_bailey_5, serial_bayou_lake_a
D:11:     layout_roguey, portal_ice_cave_rime
D:12:     layout_roguey, serial_shops, nicolae_shop_statue_plus
D:13:     layout_basic, enter_trove_2, minmay_misc_feat_columns,
          nicolae_uskayaw_dance_hall, uniq_josephine
D:14:     layout_rooms, grunt_vaults_entry_fortified
D:15:     hangedman_depths_entry_try_elsewhere_first, layout_cave_pods,
          corexii_leaking_fountain, uniq_jorgrun
Temple:   nicolae_temple_the_god_donut
Lair:1:   layout_layer_cave, st_stairs_10, infiniplex_staircase_pool_2
Lair:2:   layout_roguey, serial_forest, infiniplex_forest_end_double,
          infiniplex_forest_lined_3, infiniplex_forest_clump_diagonal,
          infiniplex_forest_lined_1, infiniplex_forest_clump_long,
          infiniplex_forest_corner_1, infiniplex_forest_lined_3,
          infiniplex_forest_lined_ring, nicolae_quartered_pool_little,
          chequers_serial_rivers_micro_a, uniq_amaemon
Lair:3:   layout_concentric_octagons, infiniplex_staircase_pool, uniq_urug
Lair:4:   layout_regular_city, minmay_shoals_entry_hut, dummy_snake_entry, pond,
          lemuel_fruit_tree, uniq_snorg
Lair:5:   nzn_winding_woodlands_stair_trap
          [nzn_winding_woodlands_5x15_split_checker,
          nzn_winding_woodlands_5x15_parted, nzn_winding_woodlands_5x15_garden,
          nzn_winding_woodlands_15x15_five_gardens,
          nzn_winding_woodlands_5x15_concentric,
          nzn_winding_woodlands_5x15_zeroes, nzn_winding_woodlands_5x15_eye],
          layout_misc_corridors, gammafunk_ghost_ooze
Lair:6:   due_jungle_book, layout_misc_corridors, slime_altar_2, st_stairs_7
Shoals:1: dreamdust_from_the_deep, layout_shoals
Shoals:2: layout_shoals, ebering_ghost_xom, nicolae_shoals_hidden_pirate_stash
Shoals:3: layout_shoals
Shoals:4: shoals_end_grunt_ice, layout_shoals, shoal_ilsuiw,
          nicolae_shoals_aquamancer_cove
Snake:1:  layout_basic, gammafunk_ghost_necromancy
Snake:2:  layout_chambers, uniq_asterion
Snake:3:  layout_grid_maze, lightli_airlock, grunt_megastairs_5
Snake:4:  minmay_snake_end_coiled, layout_layer_cave, serial_shops,
          nicolae_shop_trees, grunt_ministairs_15, serial_bayou_shore_a,
          serial_bayou_shore_b, uniq_agnes, uniq_vashnia
Slime:1:  layout_caves
Slime:2:  layout_caves
Slime:3:  layout_caves
Slime:4:  layout_caves
Slime:5
Orc:1:    layout_caves, david_defended_altar_orc
Orc:2:    grunt_orc_community_town_hall, layout_caves,
          grunt_orc_community_big_house_2, grunt_orc_community_big_house_1,
          grunt_orc_community_house_3, grunt_orc_community_house_2,
          grunt_orc_community_house_3, grunt_orc_community_house_1,
          grunt_orc_community_house_3, grunt_orc_community_house_2

Skill      XL: |  1  2  3  4  5  6  7  8  9 10 11 12 13 14 15 16 17 18 19 20 |
---------------+-------------------------------------------------------------+-----
Earth Magic    | 3 4 5 8 10 14 15 | 15.9
Spellcasting   | 3 4 5 7 8 12 | 12.0
Conjurations   | 2 4 |  4.0
Poison Magic   | 5 6 |  6.0
Ice Magic      | 2 8 12 13 | 13.0
Fighting       | 10 13 15 | 15.0
Fire Magic     | 7 13 14 | 14.1
Shields        | 4 10 13 15 18 | 18.0
Dodging        | |  1.7
Stealth        | |  1.4
Transmutations | |  0.8

Action                   |  1- 3 |  4- 6 |  7- 9 | 10-12 | 13-15 | 16-18 | 19-21 || total
-------------------------+-------+-------+-------+-------+-------+-------+-------++-------
Melee: Dagger            |   115 |       |       |       |    77 |    23 |     3 ||   218
       Punch             |     3 |       |     1 |       |     1 |       |       ||     5
       War axe           |    39 |    32 |    17 |       |       |       |       ||    88
       Spear             |       |       |    14 |       |       |       |       ||    14
       Halberd           |       |       |     7 |    98 |       |       |       ||   105
       Demon trident     |       |       |       |     9 |     6 |       |       ||    15
 Cast: Sandblast         |    13 |    48 |    62 |    17 |    17 |    19 |     1 ||   177
       Stone Arrow       |       |     5 |    53 |   141 |   257 |    67 |     2 ||   525
       Olgreb's Toxic Ra |       |       |    11 |    39 |    21 |     3 |       ||    74
       Lee's Rapid Decon |       |       |     2 |    13 |     3 |    10 |       ||    28
       Ozocubu's Refrige |       |       |       |    27 |   129 |   441 |   190 ||   787
       Ignition          |       |       |       |       |     8 |    17 |    15 ||    40
       Irradiate         |       |       |       |       |       |    11 |       ||    11
Evoke: Wand              |       |       |       |     4 |     3 |     1 |       ||     8
  Use: Potion            |       |     3 |     1 |     4 |     1 |     1 |     5 ||    15
       Scroll            |       |       |    15 |     6 |     8 |    15 |     7 ||    51
 Stab: Sleeping          |     4 |     1 |       |       |     1 |     1 |       ||     7
Armor: Robe              |    40 |    11 |    32 |   128 |    66 |    27 |     1 ||   305
Dodge: Dodged            |    82 |    49 |    47 |   114 |    74 |    49 |    20 ||   435
Block: Kite shield       |       |       |       |       |    35 |   104 |    43 ||   182

Table legend: (Time is in decaauts)
 A = Elapsed time spent in this place.
 B = Non-inter-level travel time spent in this place.
 C = Inter-level travel time spent in this place.
 D = Time resting spent in this place.
 E = Time spent auto-exploring this place.
 F = Levels seen in this place.
 G = Mean time per level.
                   A        B        C        D        E       F      G
               +--------+--------+--------+--------+--------+-----+--------+
         Total |  61127 |  58949 |   2178 |   7561 |  45170 |  39 | 1567.4 |
       Dungeon |  20295 |  19459 |    836 |   2443 |  14886 |  15 | 1353.0 |
        Temple |     62 |     36 |     26 |      0 |     18 |   1 |   62.0 |
          Lair |  12908 |  12175 |    733 |    694 |  10225 |   6 | 2151.3 |
        Shoals |  10104 |   9854 |    250 |   2157 |   6709 |   4 | 2526.0 |
     Snake Pit |   9014 |   8820 |    194 |    858 |   7192 |   4 | 2253.5 |
    Slime Pits |   4336 |   4260 |     76 |   1215 |   2697 |   5 |  867.2 |
  Orcish Mines |   2603 |   2543 |     60 |    194 |   1897 |   2 | 1301.5 |
        Bailey |   1434 |   1434 |      0 |      0 |   1225 |   1 | 1434.0 |
      Ice Cave |    367 |    367 |      0 |      0 |    320 |   1 |  367.0 |
               +--------+--------+--------+--------+--------+-----+--------+

Top non-repeatable levels by time:
Shoals:3: 3906 daAuts
  Lair:6: 3534 daAuts
  Lair:5: 2802 daAuts
 Snake:4: 2674 daAuts
 Snake:3: 2625 daAuts
Shoals:4: 2297 daAuts
     D:6: 2134 daAuts
Shoals:2: 2053 daAuts
 Snake:2: 1976 daAuts
  Lair:1: 1954 daAuts
    D:14: 1861 daAuts
    D:15: 1848 daAuts
Shoals:1: 1846 daAuts
     D:4: 1845 daAuts
  Lair:4: 1835 daAuts
